 Dungeon Crawl Stone Soup version 0.24-a0-463-g3510def36b (webtiles) character file.

Game seed: 4661271555575367699

215 krystol the Skirmisher (level 5, -8/48 HPs)
             Began as a Naga Wanderer on July 2, 2019.
             Mangled by an ogre
             ... wielding a +0 giant club
              (20 damage)
             ... on level 3 of the Dungeon.
             The game lasted 00:19:53 (4225 turns).

krystol the Skirmisher (Naga Wanderer)              Turns: 4225, Time: 00:19:53

Health: -8/48      AC:  3    Str: 14    XL:     5   Next: 92%
Magic:  8/8        EV:  7    Int: 12    God:
Gold:   150        SH:  7    Dex: 12    Spells: 5/8 levels left

rFire    . . .     SeeInvis +   a - +0 short sword
rCold    . . .     Gourm    .   n - +0 shield
rNeg     . . .     Faith    .   w - +0 robe (curse)
rPois    +         Spirit   .   g - +0 helmet
rElec    .         Reflect  .   (no cloak)
rCorr    .         Harm     .   (no gloves)
MR       .....                  (no barding)
Stlth    ++........             (no amulet)
HPRegen  0.16/turn              (no ring)
MPRegen  0.11/turn              (no ring)

@: short of breath, very slow
A: large, see invisible, deformed body, poison resistance, slowness 2, slow
metabolism 1, spit poison 1, AC +1
a: Spit Poison


You were on level 3 of the Dungeon.
You were not hungry.

You visited 1 branch of the dungeon, and saw 4 of its levels.

You collected 150 gold pieces.

Inventory:

Hand Weapons
 a - a +0 short sword (weapon)
Missiles
 f - 96 stones
 h - 63 sling bullets
 i - 83 arrows
 l - 2 boomerangs (quivered)
Armour
 g - a +0 helmet (worn)
   (You found it on level 1 of the Dungeon)
 n - a +0 shield (worn)
   (You found it on level 2 of the Dungeon)
 p - a cursed +0 ring mail
   (You found it on level 2 of the Dungeon)
 w - a cursed +0 robe (worn)
   (You found it on level 3 of the Dungeon)
Scrolls
 b - 5 scrolls of teleportation {@r4}
 v - a scroll of remove curse {@r2}
Potions
 c - a potion of might {unknown}
 j - 3 potions of heal wounds {@q2}
 m - a potion of magic {unknown}
 o - 2 potions of degeneration {unknown}
 q - 5 potions of curing {unknown}
 t - 2 potions of resistance {unknown}
Comestibles
 d - a chunk of flesh
 e - 8 rations {!d}


   Skills:
 + Level 2.9 Fighting
 - Level 1.0 Short Blades
 - Level 1.0 Throwing
 - Level 1.5 Dodging
 - Level 1.5 Stealth
 * Level 1.5 Shields
 + Level 2.1 Spellcasting
 * Level 2.7 Conjurations
 * Level 2.2 Summonings
   Level 2.0 Translocations


You had 5 spell levels left.
You knew the following spells:

 Your Spells              Type           Power        Failure   Level  Hunger
a - Magic Dart            Conj           #...         41%         1    ##.....
x - Call Imp              Summ           #.......     63%         2    ###....

Your spell library contained the following spells:

 Spells                   Type           Power        Failure   Level  Hunger
 Blink                    Tloc           N/A          65%         2    ###....
 Slow                     Hex            #.......     90%         2    ###....
 Conjure Flame            Conj/Fire      #.......     92%         3    ####...
 Mephitic Cloud           Conj/Pois/Air  #.......     95%         3    ####...


Dungeon Overview and Level Annotations

Branches:
Dungeon (4/15)
 Temple: D:4-7

Altars:
Ashenzari

Annotations:
D:4 Sigmund


Innate Abilities, Weirdness & Mutations

You cannot wear boots.
Your serpentine skin is tough. (AC +1)
You have supernaturally acute eyesight. (SInv)
Armour fits poorly on your strangely shaped body.
Your system is resistant to poisons. (rPois)
You cover ground very slowly.
You have a slow metabolism.
You can spit poison.


Message History

You start putting on your armour.
You continue putting on your shield. x4
You finish putting on your +0 shield.
Wear which item? (? for menu, Esc to quit)
Okay, then.
Found a scroll of random uselessness.
Found an escape hatch in the ceiling.
You open the door.
There is an open door here.
An ogre comes into view. It is wielding a +0 giant club.
The ogre shouts!
An ogre is nearby!
An ogre is nearby!
You aren't carrying any items that you can evoke.
Unknown command.
Aim: an ogre, wielding a +0 giant club The splash of poison misses the ogre.
You feel slightly more hungry.
There is an open door here.
You have got your breath back.
As you close the door, it creaks loudly!
Aim: an ogre, wielding a +0 giant club The splash of poison hits the ogre.
You feel slightly more hungry. You block the ogre's attack.
You have got your breath back.
Aim: an ogre, wielding a +0 giant club (moderately wounded)
The splash of poison hits the ogre.
You feel slightly more hungry. The ogre closely misses you.
The ogre hits you with a +0 giant club.
There is an escape hatch in the ceiling here.
Really go through this one-way escape hatch?
A mysterious force pulls you upwards. The hatch slams shut behind you.
You have got your breath back.
The ogre closely misses you.
Aim: an ogre, wielding a +0 giant club (moderately wounded)
The splash of poison hits the ogre.
The ogre is poisoned.
You feel slightly more hungry. The ogre barely misses you.
There is an open door here.
You have got your breath back.
The ogre barely misses you.
The ogre looks more healthy.
Aim: an ogre, wielding a +0 giant club (severely wounded)
The splash of poison misses the ogre.
You feel slightly more hungry. The ogre hits you with a +0 giant club!
The ogre hits you with a +0 giant club!!
* * * LOW HITPOINT WARNING * * *
There is an open door here.
You have got your breath back.
Aim: an ogre, wielding a +0 giant club (severely wounded)
The splash of poison misses the ogre.
You feel slightly more hungry.
The ogre hits you with a +0 giant club!!
You die...

....# #.# #.....##.###)###
.##.# #.#######..##.##.###.#
.##.## #.....5....##........#
.....#####.########.......#####
###....................o..#
.##.####.#######'#######..#
#...# #.# #.# #..# .#### #.#
#####.##### #..# .# #.#
#...O@'...# #..# .# #.#
#.###.###.# #..# .### #.# #.#
#.# #.# #..#
...#####.###'###.###'###..#
...##....'.............'..#
...##.##.###'###.###'###..#
...##.##.# #.# #.# #.# #..#
...##.##.# #.###.###.# #..#
#####.##.# #...'.'...# #..#


You could see an ogre.

Vanquished Creatures
  2 orc wizards (D:3)
  5 adders
  An ooze (D:1)
  5 worms
  A leopard gecko (D:3)
  4 orcs (D:3)
  2 ball pythons (D:3)
  6 giant cockroaches
  7 goblins
  3 hobgoblins
  A quokka (D:2)
  7 bats
  2 frilled lizards
  11 kobolds
  6 rats
63 creatures vanquished.

Vanquished Creatures (collateral kills)
  An orc priest (D:3)
  6 orcs
  A hobgoblin (D:3)
8 creatures vanquished.

Grand Total: 71 creatures vanquished

Notes
Turn   | Place    | Note
-------+----------+-------------------------------------------
     0 | D:1      | krystol the Naga Wanderer began the quest for the Orb.
     0 | D:1      | krystol set off with the following items: a +0 short sword,
                  | a scroll of teleportation {@r4}, a +0 robe, a ration {!d};
                  | and the following spell memorised: Magic Dart; and the
                  | following spells available to memorise: Blink, Call Imp,
                  | Slow, Conjure Flame, Mephitic Cloud
     0 | D:1      | Reached XP level 1. HP: 19/19 MP: 2/2
   549 | D:1      | Reached skill level 1 in Conjurations
   611 | D:1      | Reached XP level 2. HP: 22/26 MP: 0/3
   730 | D:1      | Learned a level 2 spell: Call Imp
  1141 | D:2      | Reached XP level 3. HP: 31/33 MP: 5/5
  1506 | D:2      | Found a shattered altar of Ashenzari.
  1554 | D:2      | Reached skill level 1 in Summonings
  1631 | D:2      | Reached XP level 4. HP: 40/40 MP: 2/6
  2845 | D:3      | Reached XP level 5. HP: 46/46 MP: 7/7
  3051 | D:3      | Reached skill level 1 in Shields
  3986 | D:4      | Noticed Sigmund
  4193 | D:4      | Noticed an ogre
  4225 | D:3      | Mangled by an ogre

Levels and vault maps discovered:
D:1:      lightli_arrival_windingriver, layout_basic
D:2:      layout_basic, evilmike_ruin_ashenzari
D:3:      minmay_diamond_boxcup, layout_loops_cross, first_ration,
          minmay_door_square, hangedman_decor_push
D:4:      layout_gridville, uniq_sigmund

Skill      XL: |  1  2  3  4  5 |
---------------+----------------+-----
Conjurations   | 1 2 |  2.7
Summonings     | 1 2 |  2.2
Shields        | 1 |  1.5
Spellcasting   | 2 |  2.1
Fighting       | |  2.9
Short Blades   | |  1.0
Throwing       | |  1.0
Dodging        | |  1.5
Stealth        | |  1.5
Translocations | |  2.0

Action                   |  1- 3 |  4- 6 || total
-------------------------+-------+-------++-------
Melee: Short sword       |    24 |     9 ||    33
Throw: Boomerang         |       |     1 ||     1
 Cast: Magic Dart        |    25 |    51 ||    76
       Call Imp          |       |    13 ||    13
 Abil: Spit Poison       |    35 |    49 ||    84
  Use: Scroll            |     1 |     6 ||     7
  Eat: Chunk             |     4 |     9 ||    13
       Ration            |       |     1 ||     1
Armor: Robe              |     9 |     9 ||    18
Dodge: Dodged            |    35 |    30 ||    65
Block: Shield            |       |     1 ||     1

Table legend:
 A = Non-vault XP
 B = Vault XP
 C = Vault XP percentage of total XP
 D = Non-vault monster count
 E = Vault monster count
 F = Vault count percentage of total count
                 A         B        C        D         E       F
            +---------+---------+-------+---------+---------+-------
      Total |     294 |      14 |   4.5 |      62 |       9 |  12.7
            +---------+---------+-------+---------+---------+-------
        D:1 |      26 |       0 |   0.0 |      15 |       0 |   0.0
        D:2 |      69 |       0 |   0.0 |      21 |       0 |   0.0
        D:3 |     185 |      14 |   7.0 |      25 |       9 |  26.5
        D:4 |      14 |       0 |   0.0 |       1 |       0 |   0.0
            +---------+---------+-------+---------+---------+-------
